[Event "Titled Tuesday Blitz July 18 Late 2023"]
[White "Maghsoodloo, Parham"]
[Black "Barski, Radoslaw"]
[WhiteFideId "12539929"]
[BlackFideId "1131710"]
[WhiteElo "2968"]
[BlackElo "2499"]
[Result "1-0"]
[Round "3"]
[TimeControl "180+2"]
[Date "2023.07.18"]
[WhiteClock "0:01:33"]
[BlackClock "0:00:00"]
[Board "60"]

1. e4 e6 2. d4 d5 3. e5 c5 4. c3 Nc6 5. Nf3 Bd7 6. Be2 Nge7 7. O-O Ng6 8. Be3 Be7 9. a3 O-O 10. b4 cxd4 11. cxd4 a6 12. Nc3 f6 13. exf6 Bxf6 14. Rc1 Nge7 15. Bd3 Qe8 16. Ne2 h6 17. Re1 Qf7 18. Qd2 Nf5 19. Bxf5 exf5 20. h4 Rae8 21. Ng3 Re4 22. a4 Ree8 23. b5 axb5 24. axb5 f4 25. Bxf4 Nxd4 26. Nxd4 Bxd4 27. Rxe8 Bxe8 28. Qxd4 Qxf4 29. Qxf4 Rxf4 30. Rc8 Rf8 31. b6 Bc6 32. Rc7 Ra8 33. Nf5 Ra6 34. Rxg7+ Kf8 35. Rg6 Rxb6 36. Rxh6 Rb4 37. h5 Rf4 38. Rf6+ Ke8 39. Ng7+ 1-0


[Site "https://www.chess.com"]

[Event "Titled Tuesday Blitz July 18 Late 2023"]
[White "Ansh M Shah"]
[Black "Svane, Rasmus"]
[WhiteFideId "25033379"]
[BlackFideId "4657101"]
[WhiteElo "2495"]
[BlackElo "2955"]
[Result "0-1"]
[Round "3"]
[TimeControl "180+2"]
[Date "2023.07.18"]
[WhiteClock "0:00:00"]
[BlackClock "0:00:16"]
[Board "61"]

1. d4 d5 2. c4 e6 3. Nc3 a6 4. g3 dxc4 5. Bg2 Nf6 6. Nf3 b5 7. a4 b4 8. Nb1 Bb7 9. O-O c5 10. Nbd2 cxd4 11. Nxc4 Bc5 12. b3 O-O 13. Bb2 Nc6 14. Rc1 Rc8 15. Nfe5 Nd5 16. Nxc6 Bxc6 17. Bxd4 Bxd4 18. Qxd4 Nc3 19. Qe3 Bxg2 20. Kxg2 Qd5+ 21. Kg1 Qc5 22. Rc2 Qxe3 23. Nxe3 Rfd8 24. Nd1 Ne4 25. Rxc8 Rxc8 26. Ne3 Rc3 27. Rd1 g6 28. Rd4 Nc5 29. Rxb4 Nxb3 30. Rc4 Rxc4 31. Nxc4 Kf8 32. Kg2 Ke7 33. Kf3 f6 34. Ke3 Kd7 35. h4 Kc6 36. g4 Kc5 37. Nb2 Kb4 38. g5 fxg5 39. hxg5 Nc5 40. Kd4 Nxa4 41. Nd3+ Kb3 42. e4 a5 43. f4 Kc2 44. Ne5 Nc3 45. Nc4 a4 46. Ke5 Kb3 47. Nd2+ Kb4 48. Kxe6 a3 49. e5 a2 0-1


[Site "https://www.chess.com"]

[Event "Titled Tuesday Blitz July 18 Late 2023"]
[White "Kaplan, Avi Harrison"]
[Black "Sjugirov, Sanan"]
[WhiteFideId "30934559"]
[BlackFideId "4189302"]
[WhiteElo "2495"]
[BlackElo "2935"]
[Result "0-1"]
[Round "3"]
[TimeControl "180+2"]
[Date "2023.07.18"]
[WhiteClock "0:00:25"]
[BlackClock "0:02:06"]
[Board "62"]

1. Nf3 b6 2. g3 Bb7 3. Bg2 g6 4. O-O Bg7 5. d4 c5 6. d5 Nf6 7. c4 e6 8. Nc3 exd5 9. cxd5 O-O 10. Nd2 d6 11. a4 Ba6 12. Ra2 Nbd7 13. b3 Re8 14. Bb2 Qe7 15. Nc4 Ng4 16. Qa1 Nde5 17. Nb5 Nxc4 18. bxc4 Bxb2 19. Rxb2 Ne5 20. Rc1 Bc8 21. h3 a6 22. Na3 Qc7 23. Qb1 Rb8 24. a5 Nd7 25. Rc3 bxa5 26. Rxb8 Nxb8 27. Rb3 Nd7 28. Nc2 Rxe2 29. Ne3 a4 30. Ra3 Qb6 31. Bf1 Qxb1 0-1


[Site "https://www.chess.com"]

[Event "Titled Tuesday Blitz July 18 Late 2023"]
[White "Novikov, Evgenij"]
[Black "Antipov, Mikhail Al."]
[WhiteFideId "4125380"]
[BlackFideId "4107012"]
[WhiteElo "2492"]
[BlackElo "2912"]
[Result "0-1"]
[Round "3"]
[TimeControl "180+2"]
[Date "2023.07.18"]
[WhiteClock "0:00:00"]
[BlackClock "0:00:06"]
[Board "63"]

1. d4 Nf6 2. c4 e6 3. Nf3 d5 4. Nc3 Bb4 5. a3 Bxc3+ 6. bxc3 O-O 7. cxd5 exd5 8. Bg5 h6 9. Bh4 g5 10. Bg3 Ne4 11. e3 c5 12. Bd3 Bf5 13. Bxe4 Bxe4 14. h4 g4 15. Ne5 f6 16. Nxg4 h5 17. Nh6+ Kh7 18. Bf4 Qe8 19. Rh3 Nd7 20. g4 cxd4 21. cxd4 Rc8 22. Rg3 Qe6 23. gxh5 Rc2 24. Rg6 Rfc8 25. Qg4 Qxg4 26. Nxg4 Bxg6 27. hxg6+ Kxg6 28. Kd1 Kf5 29. f3 Rg2 0-1


[Site "https://www.chess.com"]

[Event "Titled Tuesday Blitz July 18 Late 2023"]
[White "Grigoriants, Sergey"]
[Black "CatLivesMatter"]
[WhiteFideId "4130804"]
[WhiteElo "2908"]
[BlackElo "2487"]
[Result "1-0"]
[Round "3"]
[TimeControl "180+2"]
[Date "2023.07.18"]
[WhiteClock "0:01:03"]
[BlackClock "0:00:12"]
[Board "64"]

1. d4 Nf6 2. c4 g6 3. f3 Bg7 4. e4 d6 5. Nc3 O-O 6. Bg5 a6 7. Qd2 Nbd7 8. Bd3 c5 9. d5 b5 10. cxb5 Qa5 11. Nge2 Ne5 12. O-O c4 13. Bc2 axb5 14. a3 Ba6 15. Nd4 Qb6 16. Be3 Qb7 17. Na2 Nfd7 18. Nb4 Nc5 19. Rad1 Rfc8 20. Bh6 c3 21. bxc3 Nc4 22. Qc1 Bxh6 23. Qxh6 Nxa3 24. Ra1 Nxc2 25. Ndxc2 Na4 26. Nd4 Nxc3 27. Ndc6 Rc7 28. Ra3 Na4 29. f4 Qb6+ 30. Kh1 Bb7 31. Rh3 1-0


[Site "https://www.chess.com"]

[Event "Titled Tuesday Blitz July 18 Late 2023"]
[White "Rasulov, Vugar"]
[Black "Mackster23"]
[WhiteFideId "13402390"]
[WhiteElo "2851"]
[BlackElo "2485"]
[Result "1-0"]
[Round "3"]
[TimeControl "180+2"]
[Date "2023.07.18"]
[WhiteClock "0:00:42"]
[BlackClock "0:00:01"]
[Board "65"]

1. e4 e6 2. Nf3 d5 3. e5 c5 4. d4 cxd4 5. Qxd4 Nc6 6. Qf4 Qc7 7. Bd3 f6 8. exf6 Qxf4 9. Bxf4 gxf6 10. Bd2 e5 11. Bb5 a6 12. Ba4 Bg4 13. h3 Bxf3 14. gxf3 O-O-O 15. Nc3 Nd4 16. O-O-O Nxf3 17. Bb3 Nxd2 18. Kxd2 Ne7 19. Ke2 d4 20. Ne4 f5 21. Ng5 Nd5 22. Nf7 Nf4+ 23. Kf1 Bg7 24. Rg1 Bf6 25. Rg3 Kb8 26. Rf3 Rhe8 27. Nxd8 Rxd8 28. Bc4 Bg5 29. Rg3 h6 30. a4 e4 31. a5 Kc7 32. Ra1 Rd6 33. Raa3 Rc6 34. Ra4 Rd6 35. Be2 Ng6 36. Rc4+ Kb8 37. Rc5 f4 38. Rgxg5 hxg5 39. Rxg5 f3 40. Bd1 Nf4 41. Rg4 Rf6 42. h4 e3 43. fxe3 Nd5 44. Rxd4 Nxe3+ 45. Kf2 Nxd1+ 46. Rxd1 Rf4 47. Rh1 Rf5 48. h5 1-0


[Site "https://www.chess.com"]

[Event "Titled Tuesday Blitz July 18 Late 2023"]
[White "Rodriguez Fontecha, Marcos"]
[Black "Cordova, Emilio"]
[WhiteFideId "2256576"]
[BlackFideId "3801497"]
[WhiteElo "2483"]
[BlackElo "2845"]
[Result "0-1"]
[Round "3"]
[TimeControl "180+2"]
[Date "2023.07.18"]
[WhiteClock "0:00:00"]
[BlackClock "0:00:18"]
[Board "66"]

1. e4 c5 2. Nc3 a6 3. g3 b5 4. Bg2 Bb7 5. d3 e6 6. Nh3 h5 7. O-O Be7 8. f4 b4 9. Ne2 d5 10. e5 Nh6 11. Be3 Nf5 12. Bf2 Qc7 13. d4 Nd7 14. c3 a5 15. a3 bxc3 16. bxc3 Ba6 17. Re1 g6 18. Rb1 Kf8 19. Ng5 Kg7 20. h3 Bxe2 21. Qxe2 cxd4 22. cxd4 Rac8 23. g4 hxg4 24. hxg4 Nh4 25. Bh1 Bxa3 26. f5 exf5 27. e6 Nf8 28. Nxf7 fxg4 29. Qxg4 Rh5 30. Bg3 Qc2 31. Rb7 Nf5 32. Nh6+ Kxh6 33. Bf4+ g5 34. Qxh5+ Kxh5 35. Bf3+ Kg6 36. e7 Bxe7 37. Rbxe7 Nxe7 0-1


[Site "https://www.chess.com"]

[Event "Titled Tuesday Blitz July 18 Late 2023"]
[White "Sos Andreu, Eric"]
[Black "Bachmann, Axel"]
[WhiteFideId "22247017"]
[BlackFideId "3700488"]
[WhiteElo "2481"]
[BlackElo "2834"]
[Result "0-1"]
[Round "3"]
[TimeControl "180+2"]
[Date "2023.07.18"]
[WhiteClock "0:00:09"]
[BlackClock "0:00:31"]
[Board "67"]

1. d4 Nf6 2. c4 c5 3. d5 e6 4. Nc3 exd5 5. cxd5 d6 6. Nf3 g6 7. g3 Bg7 8. Bg2 O-O 9. O-O Na6 10. Bf4 Nh5 11. Bg5 Nf6 12. e4 Bg4 13. h3 Bxf3 14. Bxf3 h6 15. Bf4 Re8 16. Re1 Nd7 17. Bxd6 Qb6 18. Bf4 Qxb2 19. e5 Nxe5 20. Na4 Qxa1 21. Bxe5 Qxd1 22. Rxd1 Bxe5 23. d6 Rad8 24. Bxb7 Nb4 25. d7 Re7 26. Nxc5 Bc7 27. Bc8 Bb6 28. Nb7 Nxa2 29. Nxd8 Bxd8 30. Ra1 Re2 31. Ba6 Rc2 32. Re1 Rc1 33. Rxc1 Nxc1 34. Kf1 Nb3 35. Ke2 Nc5 36. Bc8 Kf8 37. Ke3 Ke7 38. Kd4 Nxd7 39. Bb7 Bb6+ 40. Ke4 Bxf2 41. g4 Nc5+ 0-1


[Site "https://www.chess.com"]

[Event "Titled Tuesday Blitz July 18 Late 2023"]
[White "Oro, Faustino"]
[Black "JERO-8914"]
[WhiteFideId "20000197"]
[WhiteElo "2780"]
[BlackElo "2478"]
[Result "1-0"]
[Round "3"]
[TimeControl "180+2"]
[Date "2023.07.18"]
[WhiteClock "0:01:24"]
[BlackClock "0:01:32"]
[Board "68"]

1. e4 c6 2. d4 d5 3. e5 Bf5 4. h4 h5 5. Bd3 Bxd3 6. Qxd3 e6 7. Nf3 Nd7 8. O-O Ne7 9. Nbd2 Nf5 10. c4 dxc4 11. Nxc4 Nxh4 12. Ng5 Nf5 13. Ne4 Nb6 14. Bg5 Qxd4 15. Ncd6+ Bxd6 16. Nxd6+ Kf8 17. Qa3 Nxd6 18. exd6 Nd7 19. Rad1 Qc5 20. Be7+ Ke8 21. Qb3 Rb8 22. Rfe1 h4 23. Rxe6 fxe6 24. Qxe6 Qh5 25. Bf6+ Kf8 26. Qe7+ 1-0


[Site "https://www.chess.com"]

[Event "Titled Tuesday Blitz July 18 Late 2023"]
[White "Van Foreest, Machteld"]
[Black "Schmakel, Sam"]
[WhiteFideId "1051563"]
[BlackFideId "2039311"]
[WhiteElo "2478"]
[BlackElo "2750"]
[Result "1-0"]
[Round "3"]
[TimeControl "180+2"]
[Date "2023.07.18"]
[WhiteClock "0:00:32"]
[BlackClock "0:00:06"]
[Board "69"]

1. e4 Nc6 2. Nf3 d6 3. d4 Nf6 4. Nc3 g6 5. Be2 Bg7 6. O-O O-O 7. h4 e5 8. dxe5 dxe5 9. Qxd8 Rxd8 10. Bg5 h6 11. Bxf6 Bxf6 12. Nd5 Kg7 13. Nxc7 Rb8 14. Nd5 Bg4 15. Nxf6 Kxf6 16. Rfd1 Bxf3 17. Bxf3 Nd4 18. c3 Nxf3+ 19. gxf3 Ke6 20. Kg2 f5 21. Kg3 b5 22. Rxd8 Rxd8 23. a4 b4 24. cxb4 Rd3 25. exf5+ gxf5 26. b5 h5 27. a5 f4+ 28. Kg2 Rb3 29. b6 a6 30. Rc1 Rxb2 31. Rc7 Kd5 32. Ra7 e4 33. fxe4+ Kxe4 34. Rxa6 f3+ 35. Kg3 Rb1 36. Ra8 Rg1+ 37. Kh2 Rg2+ 38. Kh3 Rg7 39. Re8+ Kf4 40. Rf8+ Ke4 41. a6 Rg1 42. a7 Rh1+ 43. Kg3 Rg1+ 44. Kh2 1-0


[Site "https://www.chess.com"]

[Event "Titled Tuesday Blitz July 18 Late 2023"]
[White "Fernandez, Daniel"]
[Black "Toniutti, Ezio"]
[WhiteFideId "2015390"]
[BlackFideId "113034"]
[WhiteElo "2718"]
[BlackElo "2478"]
[Result "1-0"]
[Round "3"]
[TimeControl "180+2"]
[Date "2023.07.18"]
[WhiteClock "0:02:39"]
[BlackClock "0:01:12"]
[Board "70"]

1. b3 d5 2. Bb2 Bf5 3. f4 e6 4. Nf3 Nf6 5. e3 Be7 6. Be2 h6 7. O-O c5 8. c4 O-O 9. Ne5 Nbd7 10. d3 Nxe5 11. fxe5 Nh7 12. cxd5 Bg5 13. e4 Bg6 14. Nc3 a6 15. Kh1 b5 16. d4 cxd4 17. Qxd4 Rc8 18. Rad1 Qa5 19. b4 Qc7 20. a4 bxa4 21. Bxa6 Rb8 22. Ba3 Rfd8 23. b5 exd5 24. exd5 Nf8 25. Bxf8 Rxf8 26. d6 Qd7 27. Nxa4 1-0


[Site "https://www.chess.com"]

[Event "Titled Tuesday Blitz July 18 Late 2023"]
[White "Petukhov, Dmitry"]
[Black "Volovich, Vasily"]
[WhiteFideId "4142748"]
[BlackFideId "34169676"]
[WhiteElo "2477"]
[BlackElo "2701"]
[Result "0-1"]
[Round "3"]
[TimeControl "180+2"]
[Date "2023.07.18"]
[WhiteClock "0:02:44"]
[BlackClock "0:02:36"]
[Board "71"]

1. e4 e6 2. d4 d5 3. e5 c5 4. c3 Nc6 5. Nf3 Bd7 6. a3 f6 7. exf6 Nxf6 8. b4 cxd4 9. cxd4 Bd6 10. Bb2 Rc8 11. Bd3 O-O 12. O-O Ne4 13. Nbd2 Nxd2 14. Qxd2 Rxf3 15. gxf3 Qh4 16. f4 Bxf4 17. Bxh7+ Kh8 18. Qd3 Qxh2# 0-1


[Site "https://www.chess.com"]

[Event "Titled Tuesday Blitz July 18 Late 2023"]
[White "Velikanov, Alexander"]
[Black "Roberson, Peter T"]
[WhiteFideId "2039290"]
[BlackFideId "412384"]
[WhiteElo "2694"]
[BlackElo "2475"]
[Result "1-0"]
[Round "3"]
[TimeControl "180+2"]
[Date "2023.07.18"]
[WhiteClock "0:00:04"]
[BlackClock "0:00:00"]
[Board "72"]

1. e4 e6 2. d4 d5 3. Nc3 Nf6 4. Bg5 Be7 5. e5 Nfd7 6. h4 h6 7. Bxe7 Qxe7 8. Qg4 Kf8 9. f4 c5 10. Nf3 Nc6 11. O-O-O a6 12. h5 b5 13. dxc5 Nxc5 14. Bd3 b4 15. Ne2 a5 16. Bb5 Bd7 17. Bxc6 Bxc6 18. Ned4 Bd7 19. f5 Ne4 20. Rhf1 Rc8 21. fxe6 Bxe6 22. Nxe6+ Qxe6 23. Qf4 Kg8 24. Nd4 Qe7 25. Qf5 Re8 26. Kb1 Qg5 27. Qxf7+ Kh7 28. Qxd5 Rxe5 29. Qc6 Rd8 30. Nf3 Rxd1+ 31. Rxd1 Nd2+ 32. Ka1 Nxf3 33. Qxf3 Qxh5 34. Qd3+ Qg6 35. Qc4 Qxg2 36. a3 bxa3 37. bxa3 Qg3 38. Rd3 Re1+ 39. Kb2 Qe5+ 40. Ka2 Ra1+ 41. Kb3 Rb1+ 42. Ka4 Rb6 43. Rd5 Qe8+ 44. Kxa5 Re6 45. Qd3+ Kh8 46. Rd8 Re5+ 47. Kb4 Re4+ 48. Kb3 1-0


[Site "https://www.chess.com"]

[Event "Titled Tuesday Blitz July 18 Late 2023"]
[White "Kleiman, Jake"]
[Black "Bashirli, Nail"]
[WhiteFideId "2020041"]
[BlackFideId "13406809"]
[WhiteElo "2473"]
[BlackElo "2679"]
[Result "1-0"]
[Round "3"]
[TimeControl "180+2"]
[Date "2023.07.18"]
[WhiteClock "0:00:10"]
[BlackClock "0:00:00"]
[Board "73"]

1. e4 Nf6 2. e5 Nd5 3. d4 d6 4. Nf3 Nb6 5. h3 g6 6. Bd3 Bg7 7. O-O O-O 8. Qe2 Nc6 9. Bf4 dxe5 10. dxe5 Nd4 11. Qe4 Nxf3+ 12. Qxf3 Be6 13. Nc3 c6 14. Rad1 Qc7 15. Rfe1 Rad8 16. Qg3 Nd5 17. Bd2 Nb4 18. Nb5 cxb5 19. Bxb4 a5 20. Bd2 b4 21. b3 Rd4 22. Bc1 Rfd8 23. Bb2 R4d5 24. Qf3 Qc6 25. Qe3 Qc7 26. Rc1 b5 27. Re2 a4 28. Rce1 a3 29. Ba1 h5 30. Qf4 Kh7 31. Qxb4 Qa7 32. Bc3 Rc8 33. Qa5 Qb8 34. Bb4 Bxe5 35. Bxe7 Bh2+ 36. Kf1 Qf4 37. Qd2 Qc7 38. Bxa3 Bf4 39. Qd1 Re8 40. Bb2 Bg5 41. Re5 Rxe5 42. Rxe5 Bf6 43. Rxh5+ Kg7 44. Bxf6+ Kxf6 45. Qf3+ Kg7 46. Rxb5 Qh2 47. g4 Bd7 48. Rc5 Re7 49. Rc4 Be6 50. Rd4 Qe5 51. Re4 Qh2 52. Re3 Qd6 53. a4 Qd4 54. Qg3 Qa1+ 55. Kg2 f6 56. Qf3 Qd4 57. Bc4 Bxc4 58. Rxe7+ Bf7 59. g5 1-0


[Site "https://www.chess.com"]

[Event "Titled Tuesday Blitz July 18 Late 2023"]
[White "Shuvalova, Polina"]
[Black "szachmistrz2500"]
[WhiteFideId "24171760"]
[WhiteElo "2671"]
[BlackElo "2471"]
[Result "1/2-1/2"]
[Round "3"]
[TimeControl "180+2"]
[Date "2023.07.18"]
[WhiteClock "0:00:08"]
[BlackClock "0:00:21"]
[Board "74"]

1. f4 g6 2. Nf3 Bg7 3. g3 c5 4. Bg2 Nc6 5. O-O e6 6. e4 Nge7 7. d3 d5 8. e5 b5 9. Be3 d4 10. Bf2 Bb7 11. Nbd2 Nf5 12. Ne4 Qe7 13. a4 a6 14. Qe2 h5 15. Nfd2 O-O 16. h3 Nb4 17. g4 hxg4 18. hxg4 Ne3 19. Bxe3 dxe3 20. Nb3 c4 21. Nbc5 Bxe4 22. Nxe4 cxd3 23. cxd3 Rac8 24. axb5 axb5 25. Rac1 Nd5 26. Rxc8 Rxc8 27. Nd6 Rd8 28. Bxd5 exd5 29. d4 Bf8 30. Rf3 Qa7 31. Nxb5 Qb6 32. Rxe3 Rb8 33. Rb3 Qa6 34. f5 Qa4 35. Qd3 Qc4 36. Qxc4 dxc4 37. Rc3 gxf5 38. Nc7 fxg4 39. d5 Bc5+ 40. Kg2 Rxb2+ 41. Kg3 Bd4 42. Rxc4 Bxe5+ 43. Kxg4 Bxc7 44. Rxc7 Rd2 45. Rd7 Kf8 46. Kf5 Ke8 47. Rd6 Ke7 48. Ra6 Rxd5+ 49. Kf4 Kf8 50. Ke4 Rb5 51. Kf4 Kg7 52. Rc6 Ra5 53. Rb6 f6 54. Kg4 Kg6 55. Kf4 Ra4+ 56. Kg3 Kg5 57. Rb5+ f5 58. Rb8 Ra3+ 59. Kf2 Kg4 60. Rc8 Ra2+ 61. Kf1 f4 62. Rc3 Rb2 63. Ra3 f3 64. Ra8 Kg3 65. Rg8+ Kf4 66. Rf8+ Ke3 67. Re8+ Kf4 68. Rf8+ Ke3 69. Re8+ Kf4 70. Rf8+ 1/2-1/2


[Site "https://www.chess.com"]

[Event "Titled Tuesday Blitz July 18 Late 2023"]
[White "Adewumi, Tanitoluwa"]
[Black "NigelDwarf"]
[WhiteFideId "30966396"]
[WhiteElo "2661"]
[BlackElo "2469"]
[Result "0-1"]
[Round "3"]
[TimeControl "180+2"]
[Date "2023.07.18"]
[WhiteClock "0:00:03"]
[BlackClock "0:00:06"]
[Board "75"]

1. e4 c5 2. Nf3 d6 3. Bb5+ Nd7 4. a4 a6 5. Be2 Ngf6 6. Nc3 g6 7. a5 Bg7 8. O-O O-O 9. d3 b5 10. axb6 Nxb6 11. Nd2 a5 12. f4 a4 13. Nf3 Ne8 14. d4 cxd4 15. Nxd4 Bb7 16. Be3 Nf6 17. Bd3 d5 18. e5 Ne4 19. Bxe4 dxe4 20. Qe2 Ba6 21. Ndb5 Qb8 22. Rfd1 Rc8 23. Rd4 f6 24. Rb4 fxe5 25. fxe5 Bxe5 26. Qg4 Bxh2+ 27. Kh1 Rc6 28. Qxe4 Bb7 29. Qxe7 Nc4 30. Nd4 Rc7 31. Qe6+ Rf7 32. Rxc4 Qg3 33. Ne4 Qh4 34. Nf6+ Kh8 35. Qxf7 Bg3+ 36. Kg1 Qh2+ 37. Kf1 Qxg2# 0-1


[Site "https://www.chess.com"]

[Event "Titled Tuesday Blitz July 18 Late 2023"]
[White "Omelja, Artem"]
[Black "Rama, Tejas"]
[WhiteFideId "14119846"]
[BlackFideId "30907381"]
[WhiteElo "2659"]
[BlackElo "2468"]
[Result "1-0"]
[Round "3"]
[TimeControl "180+2"]
[Date "2023.07.18"]
[WhiteClock "0:00:05"]
[BlackClock "0:00:03"]
[Board "76"]

1. e4 e5 2. Nf3 Nc6 3. d4 exd4 4. Nxd4 Nf6 5. Nxc6 bxc6 6. e5 Qe7 7. Qe2 Nd5 8. h4 f6 9. c4 Ba6 10. exf6 Qxe2+ 11. Bxe2 Nxf6 12. Nc3 O-O-O 13. Bg5 Bc5 14. O-O Rhf8 15. Rfe1 Bd4 16. Rad1 c5 17. Bd3 Ng4 18. Bxd8 Nxf2 19. Be7 Re8 20. Kh2 Nxd1 21. Nxd1 Bf6 22. Bxh7 Bxe7 23. Kh3 Rh8 24. Rxe7 Rxh7 25. Ne3 d6 26. b3 Bb7 27. Nf5 Bc6 28. Rxg7 Rh5 29. g4 Rh8 30. Ne7+ Kb7 31. Nxc6 Kxc6 32. h5 d5 33. cxd5+ Kxd5 34. Rxc7 a5 35. Kh4 Ke4 36. g5 Kf4 37. Rxc5 a4 38. Rc4+ 1-0


[Site "https://www.chess.com"]

[Event "Titled Tuesday Blitz July 18 Late 2023"]
[White "Bochnicka, Vladimir"]
[Black "Olsen, Filip Boe"]
[WhiteFideId "14943450"]
[BlackFideId "1440640"]
[WhiteElo "2466"]
[BlackElo "2652"]
[Result "1-0"]
[Round "3"]
[TimeControl "180+2"]
[Date "2023.07.18"]
[WhiteClock "0:01:28"]
[BlackClock "0:00:29"]
[Board "77"]

1. e4 c5 2. Nf3 d6 3. d4 cxd4 4. Nxd4 Nf6 5. Nc3 a6 6. f3 e5 7. Nb3 Be6 8. Be3 Nbd7 9. g4 h6 10. Qd2 Rc8 11. O-O-O b5 12. Kb1 Nb6 13. Na5 Be7 14. Nb7 Qc7 15. Nxd6+ Kf8 16. Nf5 b4 17. Bxb6 Qxb6 18. Nd5 Nxd5 19. exd5 Bxf5 20. gxf5 e4 21. fxe4 Bf6 22. d6 Rd8 23. Bc4 Be5 24. Qd5 Rd7 25. Qxe5 1-0


[Site "https://www.chess.com"]

[Event "Titled Tuesday Blitz July 18 Late 2023"]
[White "Mujumdar, Sameer"]
[Black "Ovchinnikov, Vsevolod"]
[WhiteFideId "2029707"]
[BlackFideId "24176842"]
[WhiteElo "2451"]
[BlackElo "2634"]
[Result "1-0"]
[Round "3"]
[TimeControl "180+2"]
[Date "2023.07.18"]
[WhiteClock "0:00:05"]
[BlackClock "0:00:09"]
[Board "78"]

1. d4 Nf6 2. Nf3 g6 3. Bf4 Bg7 4. Nbd2 d6 5. c3 Nfd7 6. e4 e5 7. Be3 Nc6 8. Bd3 O-O 9. O-O h6 10. a3 b6 11. Qc2 Bb7 12. Rad1 a6 13. Nc4 Qe8 14. Qc1 Kh7 15. Rfe1 Rd8 16. Bb1 Qe7 17. b4 Nf6 18. d5 Nb8 19. h3 Bc8 20. Ncd2 Ne8 21. Nf1 f5 22. exf5 Bxf5 23. Ng3 Bxb1 24. Qxb1 Nd7 25. h4 Rf7 26. h5 Nf8 27. Qd3 Ra8 28. Ne4 Kh8 29. hxg6 Nxg6 30. Nh2 Nf4 31. Bxf4 Rxf4 32. g3 Rf7 33. Kg2 Nf6 34. Nxf6 Qxf6 35. Ng4 Qg5 36. Qe4 Raf8 37. Rh1 Kg8 38. Rh4 Rf5 39. Rf1 h5 40. Ne3 R5f6 41. c4 Bh6 42. Rhh1 Qg7 43. Qh4 Bxe3 44. fxe3 Rxf1 45. Rxf1 Rxf1 46. Kxf1 Qf7+ 47. Ke2 Kh7 48. Qd8 Kg6 49. Qc8 a5 50. bxa5 bxa5 51. Qa6 e4 52. Qxa5 Qf3+ 53. Kd2 Qf2+ 54. Kc3 Qxe3+ 55. Kb2 Qf2+ 56. Kb3 Qxg3+ 57. Kc2 Qd3+ 58. Kb2 Qxc4 59. Qa8 Qd4+ 60. Kc2 Qd3+ 61. Kc1 Qe3+ 62. Kc2 Qd3+ 63. Kc1 h4 64. Qg8+ Kf5 65. Qf7+ Kg4 66. Qg6+ Kh3 67. Qf5+ Kg2 68. Qg4+ Kf1 69. Qxh4 e3 70. Qh1+ Kf2 71. Qh2+ Kf3 72. Qh3+ Kf4 73. Qh4+ Ke5 74. Qg5+ Kd4 75. Qf4+ Kxd5 76. Qg5+ Kc4 77. Qf4+ Kb3 78. Qb4+ Ka2 79. Qb2# 1-0


[Site "https://www.chess.com"]

[Event "Titled Tuesday Blitz July 18 Late 2023"]
[White "Ballester Llagaria, Luis Eduardo"]
[Black "Gaal, Zsoka"]
[WhiteFideId "2297620"]
[BlackFideId "777765"]
[WhiteElo "2607"]
[BlackElo "2447"]
[Result "0-1"]
[Round "3"]
[TimeControl "180+2"]
[Date "2023.07.18"]
[WhiteClock "0:02:44"]
[BlackClock "0:02:38"]
[Board "79"]

1. e4 Nf6 2. e5 Nd5 3. d4 d6 4. Nf3 g6 5. Bc4 Nb6 6. Bb3 Bg7 7. Qe2 O-O 8. h3 c5 9. dxc5 dxc5 10. c3 Nc6 11. Bf4 Bf5 12. Nbd2 Bd3 13. Qe3 c4 14. Bd1 Nd5 15. Qd4 Nxd4 0-1


[Site "https://www.chess.com"]

[Event "Titled Tuesday Blitz July 18 Late 2023"]
[White "Reprintsev, Alexander"]
[Black "Arabidze, Meri"]
[WhiteFideId "14100541"]
[BlackFideId "13604040"]
[WhiteElo "2446"]
[BlackElo "2607"]
[Result "0-1"]
[Round "3"]
[TimeControl "180+2"]
[Date "2023.07.18"]
[WhiteClock "0:00:00"]
[BlackClock "0:00:08"]
[Board "80"]

1. e4 c5 2. b3 e6 3. Bb2 b6 4. d4 cxd4 5. Qxd4 Nc6 6. Qd2 Bb4 7. Nc3 Nf6 8. Bd3 Ne5 9. a3 Bc5 10. Nf3 Nxd3+ 11. Qxd3 Bb7 12. e5 Nd5 13. Nxd5 Bxd5 14. c4 Bb7 15. O-O-O O-O 16. Qxd7 Bxf3 17. gxf3 Bxf2 18. Qxd8 Rfxd8 19. Kc2 h5 20. b4 h4 21. h3 Kh7 22. Rd6 Kg6 23. Rhd1 Rdc8 24. Kb3 Rc7 25. Bd4 Bxd4 26. R1xd4 Kf5 27. Rxh4 Kxe5 28. Rd3 f5 29. Re3+ Kf6 30. Rd4 g5 31. Rd6 Re8 32. a4 Rh7 33. c5 bxc5 34. bxc5 Rxh3 35. c6 Rh7 36. Kc4 g4 37. fxg4 fxg4 38. Rd4 Kf5 39. Re1 e5 40. Rf1+ Kg5 41. Re4 Rc7 42. Kd5 Rd8+ 43. Kxe5 Re8+ 44. Kd5 Rxe4 45. Kxe4 Rxc6 46. Rf7 Rc4+ 47. Kd3 Rxa4 48. Ke2 Ra2+ 49. Kf1 a5 50. Ra7 Kf4 51. Rc7 a4 52. Rc4+ Kg3 53. Rc3+ Kh4 54. Kg1 a3 55. Rb3 Ra1+ 56. Kg2 Ra2+ 57. Kg1 Kg5 58. Rb4 Rb2 59. Ra4 a2 0-1


[Site "https://www.chess.com"]

[Event "Titled Tuesday Blitz July 18 Late 2023"]
[White "Zavgorodniy, Sergiy"]
[Black "Pein, Jonathan"]
[WhiteFideId "14110148"]
[BlackFideId "417092"]
[WhiteElo "2606"]
[BlackElo "2444"]
[Result "1-0"]
[Round "3"]
[TimeControl "180+2"]
[Date "2023.07.18"]
[WhiteClock "0:00:49"]
[BlackClock "0:00:00"]
[Board "81"]

1. d4 d6 2. c4 Nf6 3. Nc3 g6 4. e4 Bg7 5. Be2 O-O 6. Nf3 e5 7. O-O exd4 8. Nxd4 Re8 9. f3 Nc6 10. Be3 Nh5 11. Qd2 Nf4 12. Rfd1 Nxd4 13. Bxd4 Bxd4+ 14. Qxd4 Nxe2+ 15. Nxe2 b6 16. Nc3 Bb7 17. Rac1 Qg5 18. Nd5 Bxd5 19. cxd5 Re7 20. Rc2 Rd8 21. Rdc1 Rdd7 22. b4 f5 23. exf5 Qxf5 24. h3 Qf7 25. a4 Re5 26. Rd2 Rde7 27. Rf1 Re2 28. Rxe2 Rxe2 29. Rf2 Qe7 30. Rxe2 Qxe2 31. Kh2 Qe5+ 32. Qxe5 dxe5 33. Kg3 Kf7 34. Kf2 Ke7 35. Ke3 a5 36. bxa5 bxa5 37. Ke4 Kd6 38. h4 Kc5 39. Kxe5 Kb4 40. Ke6 Kxa4 41. Kd7 Kb4 42. Kxc7 a4 43. d6 a3 44. d7 a2 45. d8=Q a1=Q 46. Qe7+ Kc4 47. Qf7+ Kd3 48. Qd5+ Ke2 49. Kd7 Qg7+ 50. Ke8 Kf2 51. g4 Qh8+ 52. Kf7 Kg3 53. g5 Kxh4 54. f4 Qd8 55. Qxd8 1-0


[Site "https://www.chess.com"]

[Event "Titled Tuesday Blitz July 18 Late 2023"]
[White "Sipila, Vilka"]
[Black "Glavina, Pablo"]
[WhiteFideId "505455"]
[BlackFideId "100234"]
[WhiteElo "2602"]
[BlackElo "2438"]
[Result "0-1"]
[Round "3"]
[TimeControl "180+2"]
[Date "2023.07.18"]
[WhiteClock "0:00:22"]
[BlackClock "0:00:42"]
[Board "82"]

1. b3 d5 2. Bb2 Nf6 3. e3 Bf5 4. f4 e6 5. Nf3 Be7 6. Bd3 Bg6 7. O-O O-O 8. Bxg6 hxg6 9. Ne5 Nbd7 10. d3 a5 11. a4 c6 12. Nd2 Qb6 13. Rf3 Bc5 14. Qe1 Rfd8 15. Rh3 Kf8 16. d4 Bb4 17. c3 Bd6 18. Qh4 Ke7 19. c4 Qb4 20. Qe1 Rh8 21. Rxh8 Rxh8 22. c5 Bxe5 23. fxe5 Ne4 24. Nxe4 Qxe1+ 25. Rxe1 dxe4 26. Bc3 Ra8 27. Rf1 f5 28. h4 b6 29. cxb6 Nxb6 30. Rc1 Kd7 31. Bd2 Nd5 32. Rc5 Rb8 33. Rxa5 Rxb3 34. Ra7+ Ke8 35. Rxg7 Ne7 36. Kf2 Ra3 37. a5 Ra2 38. Ke1 Ra1+ 39. Ke2 Ra2 40. Kd1 Ra1+ 41. Kc2 Ra2+ 42. Kc1 Kf8 43. Rh7 Nd5 44. Rd7 f4 45. exf4 e3 46. Bxe3 Nxe3 47. Rd6 Kf7 48. Rxc6 Rxa5 49. Rc7+ Kf8 50. Rc6 Ke7 51. Rc7+ Ke8 52. g3 Nf5 53. g4 Nxh4 54. Kd2 Ra3 55. Rc6 Nf3+ 56. Kd1 Nxd4 57. Rd6 Rd3+ 58. Ke1 Nc2+ 59. Ke2 Rxd6 60. exd6 Kd7 61. Kd3 Nb4+ 62. Kc4 Nd5 63. f5 gxf5 64. gxf5 Ne3+ 65. Kd4 Nxf5+ 66. Ke5 Nxd6 67. Kf6 Nc4 68. Kg5 Kd6 69. Kf4 Kd5 70. Kf3 e5 71. Ke2 e4 72. Ke1 Ne5 73. Ke2 Kd4 74. Ke1 e3 75. Ke2 Nd3 76. Kd1 Nf4 77. Ke1 Kd3 78. Kd1 e2+ 79. Ke1 Ng2+ 80. Kf2 e1=Q+ 81. Kf3 Qe3+ 82. Kg4 Qf4+ 83. Kh3 Qg5 84. Kh2 Nf4 85. Kh1 Qg2# 0-1


[Site "https://www.chess.com"]